 Dungeon Crawl Stone Soup version 0.30.1-4-g462c640d31 (webtiles) character file.

Game seed: 17007767488169918203

10000 croobank the Cleaver (level 11, -3/138 HPs)
             Began as a Minotaur Fire Elementalist on Sept 15, 2023.
             Was a Believer of Lugonu.
             Slain by a vampire (4 damage)
             ... on level 11 of the Dungeon.
             The game lasted 00:45:19 (11866 turns).

croobank the Cleaver (Minotaur Fire Elementalist)  Turns: 11866, Time: 00:45:19

Health: -3/138     AC: 25    Str: 13    XL:     11   Next: 30%
Magic:  3/16       EV:  2    Int: 16    God:    Lugonu [**....]
Gold:   650        SH:  5    Dex: 17    Spells: 9/18 levels left

rFire   + . .        j - staff of fire
rCold   . . .        (no shield)
rNeg    . . .        I - melded +2 robe {Will+}
rPois   +            (helmet currently unavailable)
rElec   .            B - melded +1 cloak
rCorr   .            v - melded +0 pair of gloves
SInv    .            (boots currently unavailable)
Will    .....        D - amulet of reflection
Stlth   +++          r - +6 ring of dexterity
HPRegen 0.43/turn    w - +5 ring of evasion
MPRegen 0.15/turn

%: reflection
@: tree-form (expiring), slowed, very slow
A: stationary, stasis, torment immunity, boosted hp, (horns 2), (retaliatory
headbutt)
a: Renounce Religion, Depart the Abyss, Banish


You were on level 11 of the Dungeon.
You worshipped Lugonu.
Lugonu was pleased with you.
You were a tree.
You visited 2 branches of the dungeon, and saw 12 of its levels.

You collected 716 gold pieces.
You spent 66 gold pieces at shops.

Inventory:

Hand Weapons
 a - a +4 war axe of flaming
 b - a +0 sling of electrocution
 f - a +4 whip
 m - a +2 whip of draining
 p - a +2 dagger of venom
 x - a +0 morningstar
 y - a +2 scimitar of holy wrath
 F - a +5 flail of protection
 H - a +3 long sword of venom
Missiles
 e - 18 poisoned darts (quivered)
Armour
 n - a +0 ring mail
 t - a +0 buckler
 v - a +0 pair of gloves (melded)
 B - a +1 cloak (melded)
 I - a +2 robe of willpower (melded)
 K - a +2 leather armour of willpower
Magical Staves
 j - a staff of fire (weapon)
Jewellery
 r - a +6 ring of dexterity (left branch)
 w - a +5 ring of evasion (right branch)
 D - an amulet of reflection (around neck)
Wands
 i - a wand of flame (35)
 E - a wand of paralysis (4)
Scrolls
 d - a scroll of poison
 k - 2 scrolls of teleportation
 o - a scroll of enchant armour
 z - a scroll of fog
 A - 2 scrolls of fear
 C - a scroll of noise {unknown}
 J - 4 scrolls of identify
 L - a scroll of magic mapping {unknown}
 M - a scroll of summoning {unknown}
 N - a scroll of immolation
Potions
 c - 2 potions of cancellation
 h - 2 potions of invisibility
 l - 2 potions of magic
 q - 2 potions of mutation
 u - 2 potions of brilliance


   Skills:
 + Level 7.3 Fighting
 + Level 9.5 Axes
 + Level 7.2 Dodging
 + Level 5.9 Stealth
 + Level 4.4 Spellcasting
 + Level 4.7 Conjurations
 + Level 3.0 Hexes
 + Level 5.2 Fire Magic


You had 9 spell levels left.
You knew the following spells:

 Your Spells              Type           Power      Damage    Failure   Level
a - Foxfire               Conj/Fire      100%       2x1d9     1%          1
b - Scorch                Fire           60%        2d8       2%          2
c - Inner Flame           Hex/Fire       25%        N/A       9%          3
d - Dazzling Flash        Conj/Hex       32%        N/A       10%         3

Your spell library contained the following spells:

 Spells                   Type           Power      Damage    Failure   Level
 Volatile Blastmotes      Fire/Tloc      36%        2d13      16%         3
 Flame Wave               Conj/Fire      29%        2d9       21%         4
 Sublimation of Blood     Necr           3%         N/A       24%         2
 Portal Projectile        Hex/Tloc       16%        N/A       26%         3
 Call Canine Familiar     Summ           3%         N/A       43%         3
 Gell's Gravitas          Tloc           3%         N/A       43%         3
 Teleport Other           Tloc           3%         N/A       43%         3
 Vhi's Electric Charge    Tloc/Air       6%         N/A       43%         3
 Fireball                 Conj/Fire      14%        3d8       50%         5
 Iskenderun's Mystic Bla  Conj/Tloc      11%        2d4       52%         4
 Iskenderun's Battlesphe  Conj           18%        2d7       54%         5
 Leda's Liquefaction      Hex/Erth       4%         N/A       65%         4
 Petrify                  Tmut/Erth      3%         N/A       85%         4
 Arcjolt                  Conj/Air       5%         1d15      86%         5
 Irradiate                Conj/Tmut      5%         3d13      86%         5
 Starburst                Conj/Fire      14%        6d6       97%         6
 Blade Hands              Tmut           1%         N/A       99%         5
 Conjure Ball Lightning   Conj/Air       5%         3x3d6     100%        6
 Dispersal                Tloc           1%         N/A       100%        6
 Dragon Form              Tmut           1%         N/A       100%        7
 Orb of Destruction       Conj           9%         9d6       100%        7
 Maxwell's Capacitive Co  Air            1%         ∞         100%        8


Dungeon Overview and Level Annotations

Branches:
Dungeon (11/15)            Temple (1/1) D:5            Lair (0/5) D:8
    Orc: D:9-12

Altars:
Ashenzari
Cheibriados
Dithmenos
Elyvilon
Fedhas
Gozag
Hepliaklqana
Kikubaaqudgha
Makhleb
Nemelex Xobeh
Okawaru
Qazlal
Ru
Sif Muna
Trog
Uskayaw
Wu Jian
Xom
Yredelemnul
Zin
The Shining One
Lugonu

Shops:
D:2 ?


Innate Abilities, Weirdness & Mutations

You are a tree.
Your roots penetrate the ground, keeping you stationary.
You cannot be teleported.
You are immune to unholy pain and torment.
Your maximum health is greatly increased.
Your equipment is partially melded.
((You have a pair of horns on your head.))
((You reflexively headbutt those who attack you in melee.))


Message History

The wraith hits you.
* * * LOW HITPOINT WARNING * * *
The wraith drains your vigour!
You feel as though you will be slow longer.
Casting: Scorch (safe; 2% risk of failure)
Confirm with . or Enter, or press ? or * to list all spells.
You feel a surge of power!
Flames lash something but do no damage.
Something hits you but does no damage. Something bites you but does no damage.
You block the wraith's attack.
Casting: Scorch (safe; 2% risk of failure)
Confirm with . or Enter, or press ? or * to list all spells.
You feel a surge of power!
Flames lash something.
Your transformation is almost over.
Something hits you but does no damage. Something bites you but does no damage.
The wraith hits you!
* * * LOW HITPOINT WARNING * * *
The wraith drains your vigour!
You feel as though you will be slow longer.
The wraith hits you but does no damage. You block something's attack.
Something bites you but does no damage.
Casting: Scorch (safe; 2% risk of failure)
Confirm with . or Enter, or press ? or * to list all spells.
You feel a surge of power!
Flames lash the wraith.
The wraith is moderately damaged.
The wraith's fire resistance burns away.
You block something's attack. Something bites you.
* * * LOW HITPOINT WARNING * * *
Something draws strength from your injuries!
The wraith hits you.
* * * LOW HITPOINT WARNING * * *
Okay, then.
Casting: Scorch (safe; 2% risk of failure)
Confirm with . or Enter, or press ? or * to list all spells.
You feel a surge of power!
Flames lash the wraith but do no damage.
Something hits you but does no damage. Something bites you but does no damage.
The wraith hits you but does no damage. The wraith hits you.
* * * LOW HITPOINT WARNING * * *
Something hits you but does no damage. Something bites you.
You die...

###
#######################
...
.....................#
..#
..##...#.........#.....#
..#
......{#.........#.....#
...
.....>W♣...............#
###
#....####'#######'#....#
#.. +....#.......#..#.#
# #....#.......+..#.#
#..####..##..#....#
#..####..##..#....#
.........#...#..#.#
#.........#...#..#.#
######....'...#....#


You could see a wraith (combustible).

Vanquished Creatures
  4 two-headed ogres
  A centaur warrior (D:11)
  A death yak (D:8)
  Pikel (D:5)
  A cyclops (D:11)
  Joseph (D:8)
  A kobold demonologist (D:11)
  A troll (D:10)
  A hornet (D:8)
  A wyvern (D:9)
  A shadow (D:11)
  Eustachio (D:6)
  3 yaks (D:9)
  A steam dragon (D:7)
  An ice beast (D:6)
  5 orc warriors
  A black bear (D:7)
  2 sky beasts (D:6)
  An ogre (D:5)
  5 centaurs
  3 lemures
  A phantom (D:5)
  4 kobold brigands
  3 bullfrogs
  2 scorpions
  15 wights
  A gnoll bouda (D:5)
  8 orc priests
  4 hounds
  2 iguanas (D:5)
  2 hell rats (D:7)
  7 orc wizards
  5 adders
  4 gnolls (D:5)
  A river rat (D:7)
  3 white imps
  An ufetubus (D:6)
  A dart slug (D:1)
  37 orcs
  7 ball pythons
  5 endoplasms
  7 giant cockroaches
  7 goblins
  8 hobgoblins
  2 jackals (D:2)
  11 kobolds
  3 quokkas
  6 bats
  2 frilled lizards
  2 rats
198 creatures vanquished.

Vanquished Creatures (others)
  A sky beast (D:7)
  102 foxfires
103 creatures vanquished.

Grand Total: 301 creatures vanquished

Notes
Turn   | Place    | Note
-------+----------+-------------------------------------------
     0 | D:1      | croobank the Minotaur Fire Elementalist began the quest for
                  | the Orb.
     0 | D:1      | Reached XP level 1. HP: 14/14 MP: 1/1
   225 | D:1      | Reached XP level 2. HP: 20/20 MP: 1/3
   251 | D:1      | Learned a level 2 spell: Scorch
   350 | D:1      | Reached skill level 1 in Conjurations
   964 | D:2      | Reached XP level 3. HP: 26/26 MP: 2/4
  1015 | D:2      | Found Byog's Magic Scroll Shop.
  1027 | D:2      | Bought a scroll of identify for 22 gold pieces
  2324 | D:3      | Reached skill level 1 in Fighting
  2324 | D:3      | Reached XP level 4. HP: 32/35 MP: 0/5
  2584 | D:3      | Found a snail-covered altar of Cheibriados.
  2930 | D:3      | Found a faded altar of an unknown god.
  2934 | D:3      | Found a hide-covered altar of Uskayaw.
  3297 | D:4      | Learned a level 3 spell: Inner Flame
  3485 | D:4      | Reached XP level 5. HP: 40/40 MP: 4/7
  4033 | D:4      | Reached skill level 1 in Axes
  4033 | D:4      | Reached XP level 6. HP: 32/48 MP: 8/8
  4280 | D:5      | Entered Level 5 of the Dungeon
  4311 | D:5      | Noticed Pikel
  4565 | D:2      | Bought a scroll of identify for 22 gold pieces
  4565 | D:2      | Bought a scroll of identify for 22 gold pieces
  4636 | D:5      | Found a sparkling altar of Nemelex Xobeh.
  4664 | D:5      | Killed Pikel
  4665 | D:5      | Reached skill level 3 in Axes
  4665 | D:5      | Reached XP level 7. HP: 57/57 MP: 4/9
  4852 | D:5      | Reached skill level 4 in Axes
  4892 | D:5      | Reached XP level 8. HP: 47/66 MP: 11/11
  5060 | D:5      | Found a staircase to the Ecumenical Temple.
  5169 | Temple   | Entered the Ecumenical Temple
  5629 | Temple   | Became a worshipper of Lugonu the Unformed
  5895 | D:6      | Found a basalt altar of Yredelemnul.
  5962 | D:6      | Found a blossoming altar of Fedhas.
  6264 | D:6      | Found a shimmering blue altar of Sif Muna.
  6281 | D:6      | Reached skill level 5 in Axes
  6464 | D:6      | Noticed Eustachio
  6470 | D:6      | Killed Eustachio
  6471 | D:6      | Reached skill level 5 in Dodging
  6982 | D:7      | Reached skill level 6 in Axes
  6982 | D:7      | Reached XP level 9. HP: 73/73 MP: 12/12
  7102 | D:7      | Reached skill level 5 in Fighting
  7505 | D:8      | Found a shadowy altar of Dithmenos.
  7511 | D:8      | Noticed Joseph
  7553 | D:8      | Killed Joseph
  7554 | D:8      | Reached skill level 1 in Hexes
  7671 | D:8      | Found an iron altar of Okawaru.
  7676 | D:8      | Found a staircase to the Lair.
  7676 | D:8      | Noticed a death yak
  7836 | D:8      | Noticed a two-headed ogre
  7882 | D:8      | Found an opulent altar of Gozag.
  7886 | D:8      | Reached skill level 7 in Axes
  8089 | D:8      | Noticed a death yak
  8097 | D:8      | Noticed a death yak
  8108 | D:8      | Killed a death yak
  8434 | D:8      | Reached XP level 10. HP: 83/83 MP: 14/14
  8466 | D:8      | Reached * piety under Lugonu
  8657 | D:8      | Killed a two-headed ogre
  8832 | D:9      | Reached skill level 5 in Stealth
  8835 | D:9      | Reached skill level 8 in Axes
  9185 | D:9      | Learned a level 3 spell: Dazzling Flash
  9529 | D:9      | Noticed a two-headed ogre
  9537 | D:9      | Killed a two-headed ogre
  9957 | D:10     | Entered Level 10 of the Dungeon
  9967 | D:10     | Noticed a two-headed ogre
 10115 | D:10     | Killed a two-headed ogre
 10116 | D:10     | Reached skill level 9 in Axes
 10116 | D:10     | Reached skill level 5 in Fire Magic
 10118 | D:10     | Found a stormy altar of Qazlal.
 10168 | D:10     | Found a sacrificial altar of Ru.
 10169 | D:10     | Found a hazy altar of Hepliaklqana.
 10169 | D:10     | Found a bloodstained altar of Trog.
 10174 | D:10     | Found an ancient bone altar of Kikubaaqudgha.
 10195 | D:10     | Noticed a two-headed ogre
 10248 | D:10     | Killed a two-headed ogre
 10249 | D:10     | Reached XP level 11. HP: 66/91 MP: 10/16
 10746 | D:10     | Reached ** piety under Lugonu
 11148 | D:11     | Found a glowing silver altar of Zin.
 11276 | D:11     | Noticed a centaur warrior
 11282 | D:11     | Killed a centaur warrior
 11340 | D:11     | Noticed a cyan ugly thing
 11352 | D:11     | Noticed a sixfirhy
 11847 | D:11     | HP: 4/92 [something (10)]
 11866 | D:11     | HP: 1/138 [wraith (6)]
 11866 | D:11     | Slain by a vampire

Illustrated notes

Levels and vault maps discovered:
D:1:      amcnicky_arrival_gap_in_the_tavern_cellar, layout_basic
D:2:      layout_loops_ring, serial_shops, shop, minivault_25
D:3:      layout_basic, nicolae_overflow_ecumenical_swirl, marbit_many_paths,
          st_stairs_5
D:4:      nicolae_BIG_FREAKIN_CUBE, layout_gridville
D:5:      layout_cave_pools, nemelex_xobeh_ov_fountains_minmay,
          nicolae_overflow_hidden_temple, minmay_temple_entry_wispy,
          minmay_misc_feat_iff, uniq_pikel
D:6:      layout_loops_ring, lemuel_round_altar,
          mainiacjoe_overflow_small_starburst, mainiacjoe_overflow_brackets,
          uniq_eustachio
D:7:      layout_basic, grunt_livestock, minivault_24
D:8:      layout_basic, okawaru_metal_pillars_1_2, amcnicky_altar_gilded,
          lemuel_crystal_altar, dpeg_lair_monsters, enter_bailey_2, uniq_joseph
D:9:      layout_cross
D:10:     layout_roguey, minitemple, minmay_misc_feat_more_columns,
          kennysheep_pointless_box
D:11:     layout_stronghold, hiddenorc1_lemuel, zin_statuary
Temple:   corrupted_temple

Skill      XL: |  1  2  3  4  5  6  7  8  9 10 11 |
---------------+----------------------------------+-----
Conjurations   | 1 2 3 4 |  4.7
Stealth        | 2 3 4 5 |  5.9
Fighting       | 1 2 3 4 5 6 7 |  7.3
Dodging        | 3 4 5 6 7 |  7.2
Spellcasting   | 2 3 4 |  4.4
Axes           | 1 3 4 6 7 9 |  9.5
Fire Magic     | 3 4 5 |  5.2
Hexes          | 1 2 3 |  3.0

Action                     |  1- 3 |  4- 6 |  7- 9 | 10-12 || total
---------------------------+-------+-------+-------+-------++-------
  Melee: Unarmed           |     4 |       |       |       ||     4
         Dagger            |    13 |    10 |       |     5 ||    28
         Headbutt          |     1 |     5 |    35 |    37 ||    78
         Punch             |     1 |     1 |     3 |     5 ||    10
         Whip              |     1 |       |       |       ||     1
         War axe           |       |    35 |   171 |   140 ||   346
         Staff             |       |     5 |       |       ||     5
         Scimitar          |       |       |       |     3 ||     3
   Fire: Sling             |    50 |    16 |       |       ||    66
  Throw: Dart              |     4 |     2 |     4 |    12 ||    22
         Stone             |       |       |     1 |       ||     1
   Cast: Foxfire           |     9 |     4 |     3 |    40 ||    56
         Scorch            |    10 |    13 |     8 |    33 ||    64
  Evoke: Wand              |       |       |     4 |     2 ||     6
    Use: Scroll            |     4 |    11 |     9 |     5 ||    29
         Potion            |       |       |     8 |     7 ||    15
   Stab: Sleeping          |       |     6 |     4 |     4 ||    14
         Paralysed         |       |       |     1 |     3 ||     4
 Armour: Robe              |     8 |     8 |    24 |    21 ||    61
         Skin              |       |       |       |    43 ||    43
  Dodge: Dodged            |    28 |    70 |   159 |   154 ||   411
  Block: Other             |       |       |    27 |    36 ||    63
         Reflection        |       |       |     4 |     4 ||     8
